[ PARTIDA AOE2 · #495809940 ]
UnrankedChinos vs Celts
Equipo del jugador · DERR
Equipo rival · VICT
[ ANÁLISIS DE REPETICIÓN · EXTRAÍDO DE LA PARTIDA GRABADA ]
Feudal
—
Castillos
—
Imperial
—
| APM promedio | 12.4 |
| APM pico | 69 |
| eAPM promedio | 2.2 |
| Aldeanos / militares | 5 / 0 |
Foco
⚔️ 14.5% · 🌾 85.5%
Feudal
18:14
Castillos
—
Imperial
—
| APM promedio | 20.0 |
| APM pico | 55 |
| eAPM promedio | 8.9 |
| Aldeanos / militares | 19 / 9 |
Foco
⚔️ 19.9% · 🌾 80.1%
Scout Cavalry ×5 · Archer ×2 · Militia ×2
Mapa de la partida
Recursos iniciales + cada clic de construcción. Líneas = muros · curvas = relieve. ◆ oro · ⬟ piedra · ● bayas · ✦ reliquia · ◌ hueco del cierre
Tu base· Abierta — flanco sin cerrar
Base de ^^JOPE^^· Abierta — flanco sin cerrar
Terreno inicial suavizado · ◌ = hueco del cierre detectado · pasá el cursor para detalles
Inputs por minuto
— Faraday - - ^^JOPE^^
Build order — Faraday
13 acciones detectadas en el replay
| 1:01 | Construir | Town Center |
| 2:03 | Investigar | Loom |
| 2:49 | Encolar | Villager (Male) |
| 2:49 | Encolar | Villager (Male) |
| 3:29 | Encolar | Villager (Male) |
| 3:29 | Encolar | Villager (Male) |
| 4:30 | Encolar | Villager (Male) |
| 15:23 | Construir | Palisade Wall |
| 15:32 | Construir | Palisade Wall |
| 15:33 | Construir | Palisade Wall |
| 15:43 | Construir | Palisade Wall |
| 15:44 | Construir | Palisade Wall |
| 15:52 | Construir | Palisade Wall |
Build order — ^^JOPE^^
123 acciones detectadas en el replay
| 2:44 | Construir | Town Center |
| 4:14 | Investigar | Loom |
| 4:30 | Encolar | Villager (Male) |
| 4:32 | Encolar | Villager (Male) |
| 4:50 | Encolar | Villager (Male) |
| 5:03 | Construir | Outpost |
| 5:26 | Encolar | Villager (Male) |
| 6:05 | Construir | Palisade Wall |
| 6:13 | Encolar | Villager (Male) |
| 6:14 | Encolar | Villager (Male) |
| 6:27 | Construir | Palisade Wall |
| 6:51 | Construir | Palisade Wall |
| 6:52 | Encolar | Villager (Male) |
| 6:54 | Encolar | Villager (Male) |
| 7:02 | Encolar | Villager (Male) |
| 7:25 | Construir | Outpost |
| 7:32 | Encolar | Villager (Male) |
| 7:42 | Construir | House |
| 7:53 | Construir | Outpost |
| 8:26 | Construir | Outpost |
| 8:31 | Encolar | Villager (Male) |
| 9:14 | Construir | Outpost |
| 9:24 | Encolar | Villager (Male) |
| 9:27 | Encolar | Villager (Male) |
| 9:35 | Construir | Outpost |
| 9:36 | Construir | Outpost |
| 9:37 | Construir | Outpost |
| 9:39 | Construir | Outpost |
| 9:40 | Construir | Outpost |
| 9:40 | Construir | Outpost |
| 10:02 | Construir | Outpost |
| 10:33 | Construir | Outpost |
| 11:22 | Construir | Lumber Camp |
| 11:32 | Construir | Outpost |
| 11:44 | Encolar | Villager (Male) |
| 11:45 | Encolar | Villager (Male) |
| 12:20 | Construir | Barracks |
| 12:25 | Encolar | Villager (Male) |
| 12:30 | Construir | Outpost |
| 12:46 | Construir | Outpost |
| 12:48 | Construir | Outpost |
| 12:49 | Construir | Outpost |
| 13:11 | Construir | Outpost |
| 13:18 | Construir | Outpost |
| 13:43 | Construir | Mill |
| 14:00 | Encolar | Militia |
| 14:17 | Construir | House |
| 14:17 | Construir | House |
| 14:20 | Construir | House |
| 14:59 | Construir | Outpost |
| 15:01 | Construir | Outpost |
| 15:12 | Construir | Outpost |
| 15:49 | Construir | Outpost |
| 16:04 | Investigar | Feudal Age |
| 16:04 | Investigar | Feudal Age |
| 16:23 | Construir | Outpost |
| 17:28 | Construir | Outpost |
| 17:52 | Construir | Outpost |
| 18:03 | Encolar | Militia |
| 18:14 | Edad | Edad Feudal |
| 18:18 | Construir | Outpost |
| 18:24 | Construir | Stable |
| 18:59 | Encolar | Scout Cavalry |
| 18:59 | Encolar | Scout Cavalry |
| 19:01 | Encolar | Scout Cavalry |
| 19:08 | Construir | Outpost |
| 19:14 | Construir | Outpost |
| 19:15 | Construir | Outpost |
| 19:17 | Construir | Outpost |
| 19:17 | Construir | Outpost |
| 19:19 | Construir | Outpost |
| 20:00 | Construir | Outpost |
| 20:12 | Construir | Outpost |
| 20:18 | Construir | Outpost |
| 20:40 | Construir | Mill |
| 20:52 | Construir | Outpost |
| 20:54 | Construir | Outpost |
| 21:23 | Construir | Outpost |
| 21:25 | Construir | Outpost |
| 21:26 | Construir | Outpost |
| 22:51 | Construir | Mining Camp |
| 23:34 | Construir | Outpost |
| 23:36 | Construir | Outpost |
| 23:44 | Construir | Outpost |
| 24:40 | Construir | Outpost |
| 24:42 | Construir | Outpost |
| 24:42 | Construir | Outpost |
| 24:48 | Construir | Outpost |
| 24:48 | Construir | Outpost |
| 24:51 | Construir | Outpost |
| 24:52 | Construir | Outpost |
| 24:55 | Construir | Outpost |
| 24:56 | Construir | Outpost |
| 24:57 | Construir | Outpost |
| 25:00 | Construir | Outpost |
| 25:15 | Construir | Outpost |
| 25:18 | Construir | Palisade Wall |
| 25:53 | Construir | Outpost |
| 26:10 | Encolar | Scout Cavalry |
| 26:10 | Encolar | Scout Cavalry |
| 26:33 | Construir | Outpost |
| 26:40 | Construir | Outpost |
| 26:58 | Construir | Outpost |
| 27:30 | Investigar | Town Watch |
| 27:31 | Encolar | Villager (Male) |
| 27:32 | Encolar | Villager (Male) |
| 27:32 | Encolar | Villager (Male) |
| 27:45 | Construir | Outpost |
| 27:58 | Construir | Outpost |
| 28:13 | Construir | Outpost |
| 28:39 | Construir | Outpost |
| 28:41 | Construir | Outpost |
| 28:42 | Construir | Outpost |
| 28:44 | Construir | Outpost |
| 29:09 | Construir | Outpost |
| 29:10 | Construir | Outpost |
| 30:16 | Construir | Archery Range |
| 31:19 | Encolar | Archer |
| 31:19 | Encolar | Archer |
| 32:31 | Construir | Market |
| 32:54 | Construir | Outpost |
| 33:52 | Investigar | Castle Age |
| 33:56 | Investigar | Double-Bit Axe |
Cronología de la partida
| 6:05 | ^^JOPE^^ · wall_segment Palisade Wall x7 |
| 6:27 | ^^JOPE^^ · wall_segment Palisade Wall x3 |
| 6:51 | ^^JOPE^^ · wall_segment Palisade Wall x2 |
| 12:20 | ^^JOPE^^ · first_building Barracks |
| 15:23 | Faraday · wall_segment Palisade Wall x1 |
| 15:32 | Faraday · wall_segment Palisade Wall x1 |
| 15:33 | Faraday · wall_segment Palisade Wall x1 |
| 15:43 | Faraday · wall_segment Palisade Wall x1 |
| 15:44 | Faraday · wall_segment Palisade Wall x1 |
| 15:52 | Faraday · wall_segment Palisade Wall x2 |
| 18:14 | ^^JOPE^^ · age_up feudal |
| 18:24 | ^^JOPE^^ · first_building Stable |
| 25:18 | ^^JOPE^^ · wall_segment Palisade Wall x1 |
| 30:16 | ^^JOPE^^ · first_building Archery Range |
[ ANÁLISIS IA · 1 CRÉDITO ]
¿Qué pasó realmente en esta partida?
Wolo.gg analiza cada decisión: build order, eco, micro, errores típicos por bracket. Análisis personalizado por WhatsApp o Discord en 30 segundos.
Guía civ
Chinos
Perfil
Jugador #15938209